 Dungeon Crawl Stone Soup version 0.20-a0-957-g47ad1fd (webtiles) character file.

133 M4edhros the Chopper (level 4, -1/58 HPs)
             Began as a Minotaur Berserker on Apr 5, 2017.
             Was a Believer of Trog.
             Slain by a jelly (3 damage)
             ... on level 6 of the Dungeon.
             The game lasted 00:02:56 (528 turns).

M4edhros the Chopper (Minotaur Berserker)            Turns: 528, Time: 00:02:57

Health: -1/58      AC: -2    Str: 26    XL:     4   Next: 94%
Magic:  3/3        EV: 12    Int:  9    God:    Trog [**....]
Gold:   118        SH:  0    Dex: 13    Spells: 3/3 levels left

rFire    . . .     SeeInvis .   a - +0 hand axe
rCold    + . .     Gourm    .   (no shield)
rNeg     . . .     Faith    .   g - +0 ring mail (curse)
rPois    +         Spirit   .   (helmet restricted)
rElec    .         Reflect  .   (no cloak)
rCorr    .         Harm     .   (no gloves)
MR       ++...                  (no boots)
Stlth    ..........             (no amulet)
Regen    1.2/turn               (no ring)
MPRegen  0.1/turn               (no ring)

@: brilliant, berserking, corroded, regenerating, very quick
A: retaliatory headbutt, horns 2, thin skeletal structure 1, cold resistance 1,
poison resistance
a: Berserk, Trog's Hand, Burn Spellbooks, Renounce Religion


You were on level 6 of the Dungeon.
You worshipped Trog.
Trog was pleased with you.
You were not hungry.

You visited 1 branch of the dungeon, and saw 6 of its levels.

You collected 118 gold pieces.

Inventory:

Hand Weapons
 a - a +0 hand axe (weapon)
Armour
 b - a +0 animal skin
 d - a +0 ring mail
 g - a cursed +0 ring mail (worn)
 h - a +0 plate armour
Scrolls
 f - a scroll of identify {unknown}
 k - a scroll of teleportation {unknown}
Potions
 e - a potion of brilliance
 m - a potion of lignification {unknown}
 n - a potion of flight {unknown}
Comestibles
 c - 2 bread rations


   Skills:
 - Level 3.6 Fighting
 + Level 6.8 Axes
 - Level 2.4 Armour
 - Level 2.1 Dodging


You had 3 spell levels left.
You didn't know any spells.

Dungeon Overview and Level Annotations

Branches:
Dungeon (6/15)
 Temple: D:4-7

Altars:
Ashenzari
Gozag
Qazlal
Ru
Xom


Innate Abilities, Weirdness & Mutations

You reflexively headbutt those who attack you in melee.
You have a pair of horns on your head.
You have a somewhat thin skeletal structure. (Dex +2, Stealth)
Your flesh is cold resistant. (rC+)
Your system is resistant to poisons. (rPois)


Message History

The jelly barely misses you.
The bullfrog skeleton closely misses you.
It was a potion of mutation.
You feel extremely strange.
You feel resistant to cold.
Your bones become slightly less dense.
You feel resistant to poisons. The bullfrog skeleton hits you.
* * * LOW HITPOINT WARNING * * *
The jelly closely misses you.
It was a potion of curing.
You feel better.
The bullfrog skeleton completely misses you.
The jelly hits you. The acid corrodes you!
You are splashed with acid!
The acid burns!
* * * LOW HITPOINT WARNING * * *
The bullfrog skeleton hits you.
* * * LOW HITPOINT WARNING * * *
Okay, then.
It was a potion of berserk rage.
A red film seems to cover your vision as you go berserk!
You feel yourself moving faster!
You feel mighty! The jelly hits you.
You die...

...... .#...#
....... #....#
........
##....#
.J<.....
#.....#
........##....#
........#.....#
......#......#
#..#......Z##
#..<.#...J@#
##.....#...#
#.#####..#.>#
#.# ####..# ##
####


You could see a jelly and a bullfrog skeleton.

Vanquished Creatures
  A crimson imp (D:5)
  A worker ant (D:4)
  4 adders
  2 oozes
  A dart slug (D:1)
  A leopard gecko (D:1)
  2 bats
  3 goblins
  2 hobgoblins
  8 jackals
  2 quokkas
  A ball python (D:2)
  A frilled lizard (D:1)
  3 rats (D:1)
32 creatures vanquished.

Notes
Turn   | Place    | Note
-------+----------+-------------------------------------------
     0 | D:1      | M4edhros the Minotaur Berserker began the quest for the Orb.
     0 | D:1      | Reached XP level 1. HP: 19/19 MP: 0/0
    64 | D:1      | Reached skill level 4 in Axes
    74 | D:1      | Reached XP level 2. HP: 26/26 MP: 1/1
   176 | D:2      | Reached skill level 5 in Axes
   223 | D:2      | Reached XP level 3. HP: 31/31 MP: 2/2
   237 | D:2      | Reached ** piety under Trog
   363 | D:3      | Found an opulent altar of Gozag.
   366 | D:3      | Found a shimmering altar of Xom.
   379 | D:3      | Found a sacrificial altar of Ru.
   379 | D:3      | Found a stormy altar of Qazlal.
   379 | D:3      | Found a shattered altar of Ashenzari.
   431 | D:4      | Reached skill level 6 in Axes
   431 | D:4      | Reached XP level 4. HP: 29/39 MP: 3/3
   460 | D:5      | Entered Level 5 of the Dungeon
   519 | D:6      | HP: 1/39 [acid (8)]
   526 | D:6      | Gained mutation: Your flesh is cold resistant. (rC+) [potion of mutation]
   526 | D:6      | Gained mutation: You have a somewhat thin skeletal structure. (Dex +2, Stealth) [potion of mutation]
   526 | D:6      | Gained mutation: Your system is resistant to poisons. (rPois) [potion of mutation]
   527 | D:6      | HP: 1/39 [bullfrog skeleton (5)]
   528 | D:6      | Slain by a jelly

Vault maps used:
D:1:      lightli_arrival_statue_moat, lexackson_kobold_supper
D:2:      minmay_misc_feat_more_columns
D:3:      kb_forest_paths, makhleb_grotto_becter, minitemple
D:4:      lemuel_doored_altar, first_bread
D:5:      hangedman_minor_gate_pass, uniq_edmund, uniq_pikel

Skill      XL: |  1  2  3 |
---------------+----------+-----
Axes           | 4 5 6 |  6.8
Fighting       | |  3.6
Armour         | |  2.4
Dodging        | |  2.1

Action                   |  1- 3 |  4- 6 || total
-------------------------+-------+-------++-------
Melee: Hand axe          |    46 |    13 ||    59
       Headbutt          |     9 |     6 ||    15
Invok: Burn Spellbooks   |       |     1 ||     1
       Trog's Hand       |       |     1 ||     1
  Use: Potion            |       |     4 ||     4
Armor: Ring mail         |    18 |     2 ||    20
Dodge: Dodged            |    34 |    11 ||    45
